 Dungeon Crawl Stone Soup version 0.31-a0-1074-g0b22e4e0f1 (webtiles) character file.

Game seed: 3553652782622207423

15911 grandjackal the Fighter (level 12, -1/102 HPs)
             Began as a Demonspawn Gladiator on Nov 30, 2023.
             Was an Initiate of Gozag.
             Slain by an orc wizard
             ... wielding a +0 dagger of electrocution
              (8 damage)
             ... on level 12 of the Dungeon.
             The game lasted 00:22:33 (13070 turns).

grandjackal the Fighter (Demonspawn Gladiator)     Turns: 13070, Time: 00:22:34

Health: -1/102     AC: 16    Str: 17    XL:     12   Next: 5%
Magic:  0/12       EV: 10    Int: 12    God:    Gozag
Gold:   1274       SH:  6    Dex: 18    Spells: 11/11 levels left

rFire   . . .        M - +1 scimitar (flame)
rCold   + . .        (no shield)
rNeg    + . .        n - +2 chain mail "Mixtaxze" {rCorr Int+3}
rPois   .            c - +0 helmet
rElec   .            g - +0 cloak
rCorr   +            t - +0 pair of gloves
SInv    .            (boots unavailable)
Will    .....        f - amulet of guardian spirit Stlth
                     L - ring of protection from cold
HPRegen 0.37/turn    B - ring of positive energy
MPRegen 0.13/turn

%: guardian spirit
@: gold aura
A: hooves 3, large bone plates 2, powered by pain 1, demonic magic 1
a: Renounce Religion, Potion Petition, Call Merchant, Bribe Branch


You were on level 12 of the Dungeon.
You worshipped Gozag.
Gozag was most pleased with you.
You visited 2 branches of the dungeon, and saw 13 of its levels.
You also visited: Sewer.

You collected 1851 gold pieces.
You paid 577 gold pieces to Gozag.

Inventory:

Hand Weapons
 q - a +2 dagger of venom
 M - a +1 scimitar of flaming (weapon)
Missiles
 d - 3 throwing nets (quivered)
 e - 6 javelins
Armour
 c - a +0 helmet (worn)
 g - a +0 cloak (worn)
 n - the +2 chain mail "Mixtaxze" (worn) {rCorr Int+3}
   (You found it on level 10 of the Dungeon)

   Int+3:     It affects your intelligence (+3).
   rCorr:     It protects you from acid and corrosion.
 s - a +0 buckler
 t - a +0 pair of gloves (worn)
 x - a +0 scale mail
 D - +0 acid dragon scales
Jewellery
 f - an amulet of guardian spirit (around neck)
 o - a ring of fire
 v - a ring of flight
 B - a ring of positive energy (right hand)
 L - a ring of protection from cold (left hand)
Wands
 h - a wand of digging (7)
 J - a wand of charming (10)
 K - a wand of mindburst (1)
 N - a wand of acid (2)
Scrolls
 i - 3 scrolls of fog {unknown}
 j - 2 scrolls of revelation {unknown}
 k - a scroll of fear {unknown}
 p - 7 scrolls of teleportation
 r - 2 scrolls of enchant armour {unknown}
 y - a scroll of immolation {unknown}
 A - a scroll of blinking {unknown}
 E - a scroll of enchant weapon {unknown}
 F - a scroll of noise {unknown}
 I - a scroll of poison {unknown}
 P - a scroll of vulnerability {unknown}
Potions
 a - 2 potions of ambrosia
 b - a potion of mutation
 l - a potion of brilliance
 m - a potion of curing
 u - 3 potions of heal wounds
 w - a potion of enlightenment
 z - a potion of invisibility {unknown}
 C - 2 potions of haste {unknown}
 G - a potion of magic
 H - a potion of resistance {unknown}
 O - a potion of berserk rage


   Skills:
 + Level 11.8 Fighting
 + Level 10.8 Long Blades
 - Level 2.0 Throwing
 - Level 7.2 Armour
 - Level 5.0 Dodging
 + Level 6.6 Evocations


You had 11 spell levels left.
You didn't know any spells.
Your spell library contained the following spells:

 Spells                   Type           Power      Damage    Failure   Level
 Kiss of Death            Conj/Necr      0%         2d5       95%         1
 Shock                    Conj/Air       0%         1d3       95%         1
 Cigotuvi's Dreadful Rot  Necr/Pois/Air  0%         N/A       99%         2
 Poisonous Vapours        Pois/Air       0%         N/A       99%         2
 Ignite Poison            Fire/Tmut/Pois 0%         N/A       100%        3
 Ozocubu's Armour         Ice            0%         N/A       100%        3
 Brom's Barrelling Bould  Conj/Erth      0%         2d3       100%        4
 Freezing Cloud           Conj/Ice/Air   0%         6-21      100%        5
 Haunt                    Necr/Summ      0%         N/A       100%        7
 Ozocubu's Refrigeration  Ice            0%         4d7       100%        7
 Infestation              Necr           0%         N/A       100%        8
 Chain Lightning          Conj/Air       0%         N/A       100%        9
 Animate Dead             Necr           Unusable   N/A       N/A         4

Dungeon Overview and Level Annotations

Branches:
Dungeon (12/15)            Temple (1/1) D:6            Lair (0/5) D:9
    Orc (0/2) D:9           Sewer (visited)

Altars:
Ashenzari
Cheibriados
Dithmenos
Fedhas
Gozag
Hepliaklqana
Kikubaaqudgha
Makhleb
Nemelex Xobeh
Okawaru
Qazlal
Ru
Sif Muna
Trog
Uskayaw
Vehumet
Wu Jian
Xom
Yredelemnul

Annotations:
D:4 3 runed translucent doors, xnavy's ghost, novice HORe


Innate Abilities, Weirdness & Mutations

You have hooves in place of feet.
You are mostly covered in large bone plates. (SH +6)
You sometimes gain a little power by taking damage.
Spells you cast may paralyse adjacent enemies.


Message History

You kick the orc warrior, but do no damage.
The orc warrior is severely wounded.
The orc warrior barely misses you. Something completely misses you.
You block the orc's attack. The orc barely misses you.
You hit the orc warrior. You burn the orc warrior.
You kill the orc warrior!
You slash the orc! You burn the orc.
You kill the orc!
The orc hits you but does no damage. Something hits you but does no damage.
You barely miss the orc. You block the orc's attack.
Something hits you but does no damage.
You barely miss the orc. You kick the orc!
You kill the orc!
Something hits you.
You are electrocuted!!
You are too injured to fight recklessly!
You are too injured to fight recklessly!
You barely miss something. Your kick misses something.
Your punch misses something. Something hits you but does no damage.
You are electrocuted!
You barely miss something. Your kick misses something.
Something hits you but does no damage.
You barely miss something. You block something's attack.
You slash something! You burn something. Your kick misses something.
Something hits you.
You closely miss something. Your kick misses something.
You barely miss something. You kick something.
Something hits you but does no damage.
You are electrocuted!
* * * LOW HITPOINT WARNING * * *
You hit something but do no damage. Your kick misses something.
Something hits you but does no damage.
You are electrocuted!
* * * LOW HITPOINT WARNING * * *
You closely miss something. Your kick misses something.
Something hits you but does no damage.
You are electrocuted!
* * * LOW HITPOINT WARNING * * *
You closely miss something. Your kick misses something.
Something hits you but does no damage.
You closely miss something. Your kick misses something.
Something hits you but does no damage.
You are electrocuted!
You die...
Your body crumbles into a pile of gold.

####### #.....# #.....#
#.....# ###.....# .......#
######### #$${..# #.......#
#$@...# #.......#
##.########
##.....~.####.#.........###
.......~.+............>....
##.......####.......#...#
##......(# #######.#..##
.........# ######.#..#
#........# #........<.#
+........####........#.#


There were no monsters in sight!

Vanquished Creatures
  Gastronok (D:9)
  Harold (D:9)
  Erica (D:9)
  3 two-headed ogres
  A sixfirhy (D:10)
  A deep elf pyromancer (D:12)
  An ugly thing (D:10)
  Maurice (D:9)
  A cyclops (D:11)
  A manticore (D:11)
  A rust devil (D:10)
  Joseph (D:9)
  2 kobold demonologists (D:9)
  An ice devil (D:10)
  4 hornets
  9 yaks
  3 wyverns
  A wraith (D:11)
  2 vampires
  3 steam dragons
  3 wargs (D:9)
  An acid dragon (D:6)
  An ice beast (D:5)
  3 orc warriors
  2 sky beasts
  2 black bears (D:6)
  2 centaurs
  3 bullfrogs
  7 kobold brigands
  2 gnoll sergeants
  4 scorpions
  5 wights
  19 killer bees
  A howler monkey (D:8)
  A quasit (D:10)
  An iron imp (D:7)
  4 jellies
  A gnoll bouda (D:7)
  2 orc priests
  4 hounds
  2 sleepcaps
  2 iguanas
  7 orc wizards
  A hell rat (Sewer)
  15 gnolls
  10 adders
  3 river rats (Sewer)
  A shadow imp (D:10)
  3 white imps
  5 worms
  3 dart slugs
  28 orcs
  8 ball pythons
  11 bats
  6 endoplasms
  4 giant cockroaches
  6 goblins
  8 hobgoblins
  10 jackals
  5 quokkas
  3 frilled lizards
  24 kobolds
  8 rats
280 creatures vanquished.

Vanquished Creatures (others)
  An arcanist (D:9)
  A yak (D:8)
2 creatures vanquished.

Grand Total: 282 creatures vanquished

Notes
Turn   | Place    | Note
-------+----------+-------------------------------------------
     0 | D:1      | grandjackal the Demonspawn Gladiator began the quest for
                  | the Orb.
     0 | D:1      | Reached XP level 1. HP: 16/16 MP: 1/1
    57 | D:1      | Gained mutation: You have large cloven feet. [demonic
                  | ancestry]
    57 | D:1      | Reached XP level 2. HP: 22/22 MP: 2/2
   393 | D:1      | Reached XP level 3. HP: 19/28 MP: 3/3
   451 | D:1      | Found a faded altar of an unknown god.
  1181 | D:2      | Reached skill level 3 in Fighting
  1181 | D:2      | Gained mutation: You have hoof-like feet. [demonic
                  | ancestry]
  1181 | D:2      | Reached XP level 4. HP: 15/35 MP: 2/4
  2117 | D:3      | Found a glowing drain.
  2158 | Sewer    | Entered a sewer
  2238 | Sewer    | Gained mutation: You are partially covered in large bone
                  | plates. (SH +4) [demonic ancestry]
  2238 | Sewer    | Reached XP level 5. HP: 32/41 MP: 3/5
  2698 | D:3      | Reached skill level 4 in Fighting
  2698 | D:3      | Reached XP level 6. HP: 45/48 MP: 6/6
  2940 | D:4      | Got Vehumet's Essays on Arcane Weapons
  3082 | D:4      | Found a runed translucent gate.
  3082 | D:4      | Found a runed translucent gate.
  3082 | D:4      | Found a runed translucent gate.
  3085 | D:4      | Found an opulent altar of Gozag.
  3087 | D:4      | Noticed xnavy's ghost (novice HORe)
  3509 | D:5      | Entered Level 5 of the Dungeon
  3670 | D:5      | Gained mutation: You are mostly covered in large bone
                  | plates. (SH +6) [demonic ancestry]
  3670 | D:5      | Reached XP level 7. HP: 46/55 MP: 7/7
  3749 | D:5      | Noticed a yak
  3750 | D:5      | Noticed a yak
  3751 | D:5      | Noticed a yak
  3753 | D:5      | Noticed a yak
  3997 | D:6      | Reached skill level 5 in Fighting
  4142 | D:6      | Reached skill level 5 in Long Blades
  4142 | D:6      | Reached skill level 5 in Dodging
  4322 | D:6      | Reached skill level 1 in Armour
  4388 | D:6      | Found a staircase to the Ecumenical Temple.
  4627 | D:5      | Gained mutation: You sometimes gain a little power by
                  | taking damage. [demonic ancestry]
  4627 | D:5      | Reached XP level 8. HP: 40/64 MP: 6/8
  4899 | D:6      | Reached skill level 6 in Fighting
  5385 | Temple   | Entered the Ecumenical Temple
  5403 | Temple   | Became a worshipper of Gozag Ym Sagoz the Greedy
  5781 | D:7      | Reached skill level 7 in Fighting
  6053 | D:7      | Reached XP level 9. HP: 72/72 MP: 9/9
  6221 | D:7      | Found a snail-covered altar of Cheibriados.
  6680 | D:9      | Noticed a kobold demonologist
  6715 | D:9      | Noticed a kobold demonologist
  6742 | D:9      | Noticed a smoke demon
  6752 | D:9      | Killed a kobold demonologist
  6753 | D:9      | Reached skill level 5 in Armour
  6775 | D:9      | Reached skill level 8 in Fighting
  6799 | D:9      | Found a hazy altar of Hepliaklqana.
  7061 | D:9      | Noticed Joseph
  7067 | D:9      | Noticed Maurice
  7076 | D:9      | Killed Joseph
  7105 | D:9      | Killed Maurice
  7296 | D:9      | Gained mutation: Spells you cast may paralyse adjacent
                  | enemies. [demonic ancestry]
  7296 | D:9      | Reached XP level 10. HP: 72/82 MP: 8/10
  7306 | D:9      | Noticed Erica
  7325 | D:9      | Killed Erica
  7326 | D:9      | Reached skill level 9 in Fighting
  7572 | D:9      | Noticed Harold
  7600 | D:9      | Noticed a sixfirhy
  7613 | D:9      | Paralysed by a hornet for 1 turns
  8111 | D:8      | Got the Cyclopedia of the Zephyr
  8185 | D:8      | Reached skill level 1 in Evocations
  8458 | D:8      | Found a stormy altar of Qazlal.
  8605 | D:8      | Reached skill level 10 in Fighting
  8975 | D:9      | Noticed a two-headed ogre
  8989 | D:9      | Killed a two-headed ogre
  9424 | D:9      | Killed Harold
  9425 | D:9      | Gained mutation: You have hooves in place of feet. [demonic
                  | ancestry]
  9425 | D:9      | Reached XP level 11. HP: 78/92 MP: 9/11
  9476 | D:9      | Noticed Gastronok
  9511 | D:9      | Killed Gastronok
  9661 | D:9      | Found a staircase to the Lair.
  9800 | D:9      | Found a staircase to the Orcish Mines.
  9879 | D:9      | Found a bloodstained altar of Trog.
  9884 | D:9      | Noticed an arcanist
  9887 | D:9      | Killed an arcanist
 10070 | D:10     | Entered Level 10 of the Dungeon
 10091 | D:10     | Noticed a green ugly thing
 10106 | D:10     | Killed a green ugly thing
 10682 | D:10     | Identified the +2 chain mail "Mixtaxze" {rCorr Int+3}
 10713 | D:10     | Noticed a sixfirhy
 10720 | D:10     | Killed a sixfirhy
 10721 | D:10     | Reached skill level 10 in Long Blades
 11259 | D:10     | Reached skill level 11 in Fighting
 11259 | D:10     | Reached skill level 5 in Evocations
 12027 | D:11     | Noticed a two-headed ogre
 12133 | D:11     | Killed a two-headed ogre
 12316 | D:11     | Noticed a two-headed ogre
 12327 | D:11     | Killed a two-headed ogre
 12658 | D:12     | Noticed a deep elf pyromancer
 12669 | D:12     | Killed a deep elf pyromancer
 12855 | D:12     | Reached XP level 12. HP: 67/101 MP: 8/12
 13070 | D:12     | Slain by an orc wizard

Illustrated notes

Levels and vault maps discovered:
D:1:      amcnicky_arrival_choice, layout_basic, basic_ecumenical_altar
D:2:      layout_loops_ring, minmay_tetromino_i4
D:3:      minmay_door_path, layout_loops_ring, gup_sewer_entry_bubbles
D:4:      layout_loops_cross, ebering_ghost_gozag
D:5:      layout_loops_ring
D:6:      layout_gridville, minmay_temple_entry_arrows, grunt_ministairs_12
D:7:      layout_rooms, slow_altar_2
D:8:      minmay_recursive_quarters, layout_basic, amcnicky_altar_gilded
D:9:      layout_basic, trog_wizard, mainiacjoe_overflow_six_doors_small,
          lair_entry_dummy, minmay_orc_entry_guard_dogs, uniq_joseph,
          uniq_harold, uniq_gastronok, uniq_erica, uniq_maurice
D:10:     layout_stronghold, lemuel_coloured_pillars_altar,
          nicolae_demonic_statue_gallery, uniq_psyche
D:11:     layout_cave_pools
D:12:     lemuel_ogre_cave, layout_basic, makhleb_altar_promises_db
Temple:   minmay_temple_bridge_d

Skill      XL: |  1  2  3  4  5  6  7  8  9 10 11 |
---------------+----------------------------------+-----
Throwing       | 2 |  2.0
Long Blades    | 3 4 5 6 8 9 10 | 10.8
Dodging        | 3 4 5 |  5.0
Fighting       | 3 4 5 7 8 10 11 | 11.8
Armour         | 1 4 6 7 |  7.2
Evocations     | 3 6 |  6.6

Action                     |  1- 3 |  4- 6 |  7- 9 | 10-12 || total
---------------------------+-------+-------+-------+-------++-------
  Melee: Long sword        |    20 |       |       |       ||    20
         Scimitar          |    97 |   207 |   325 |   324 ||   953
         Kick              |    16 |    59 |   124 |   132 ||   331
         Punch             |     1 |     3 |     6 |     3 ||    13
         Dagger            |       |     5 |    22 |   128 ||   155
  Throw: Throwing net      |       |       |     3 |       ||     3
 Invoke: Potion Petition   |       |       |       |     1 ||     1
  Evoke: Wand              |       |       |       |     2 ||     2
    Use: Scroll            |       |       |     2 |    12 ||    14
         Potion            |       |       |     4 |     4 ||     8
   Stab: Sleeping          |     2 |     2 |       |     1 ||     5
         Distracted        |       |       |       |     2 ||     2
 Armour: Leather armour    |    75 |   110 |       |       ||   185
         Scale mail        |       |    12 |    66 |       ||    78
         Acid dragon scale |       |       |   165 |   150 ||   315
         Chain mail        |       |       |       |   151 ||   151
  Dodge: Dodged            |   111 |   132 |   196 |   236 ||   675
  Block: Other             |       |    19 |   108 |   113 ||   240

Table legend: (Time is in decaauts)
 A = Elapsed time spent in this place.
 B = Non-inter-level travel time spent in this place.
 C = Inter-level travel time spent in this place.
 D = Time resting spent in this place.
 E = Time spent auto-exploring this place.
 F = Levels seen in this place.
 G = Mean time per level.
                   A        B        C        D        E       F      G
               +--------+--------+--------+--------+--------+-----+--------+
         Total |  13171 |  12864 |    307 |   3899 |   5492 |  14 |  940.8 |
       Dungeon |  12933 |  12656 |    277 |   3814 |   5490 |  12 | 1077.8 |
        Temple |     36 |      7 |     29 |      0 |      0 |   1 |   36.0 |
         Sewer |    201 |    201 |      0 |     85 |      2 |   1 |  201.0 |
               +--------+--------+--------+--------+--------+-----+--------+

Top non-repeatable levels by time:
     D:9: 1925 daAuts
     D:8: 1805 daAuts
    D:10: 1598 daAuts
     D:6: 1136 daAuts
    D:11: 967 daAuts
     D:2: 959 daAuts
     D:5: 937 daAuts
     D:3: 907 daAuts
     D:1: 838 daAuts
     D:7: 735 daAuts
     D:4: 716 daAuts
    D:12: 404 daAuts
   Sewer: 201 daAuts
  Temple: 36 daAuts
